 Dungeon Crawl Stone Soup version 0.27.0-1-g7a089689b8 (webtiles) character file.

Game seed: 9943372690011104350

79 freelancePsychic the Conjurer (level 4, -3/33 HPs)
             Began as a Draconian Conjurer on Aug 12, 2021.
             Slain by an ogre (21 damage)
             ... on level 4 of the Dungeon.
             The game lasted 00:03:32 (2935 turns).

freelancePsychic the Conjurer (Draconian Conjurer)  Turns: 2935, Time: 00:03:33

Health: -3/33      AC:  7    Str: 10    XL:     4   Next: 17%
Magic:  3/8        EV: 12    Int: 19    God:
Gold:   97         SH:  0    Dex:  9    Spells: 6/9 levels left

rFire    . . .     SeeInvis .   (no weapon)
rCold    . . .     Faith    .   (no shield)
rNeg     . . .     Spirit   .   (armour unavailable)
rPois    .         Reflect  .   (helmet restricted)
rElec    .         Harm     .   b - +0 cloak
rCorr    .         Rampage  .   a - +0 pair of gloves
Will     .....                  (no boots)
Stlth    ++........             (no amulet)
HPRegen  0.11/turn              (no ring)
MPRegen  0.11/turn              (no ring)

@: about to teleport
A: AC +5, unfitting armour, cold-blooded
a: no special abilities


You were on level 4 of the Dungeon.
You visited 1 branch of the dungeon, and saw 4 of its levels.

You collected 97 gold pieces.

Inventory:

Armour
 a - a +0 pair of gloves (worn)
 b - a +0 cloak (worn)
Scrolls
 c - a scroll of immolation
 f - a scroll of amnesia {unknown}
 g - a scroll of holy word {unknown}
 h - a scroll of noise {unknown}
 j - a scroll of fear {unknown}
Potions
 d - 2 potions of lignification {unknown}
 i - a potion of ambrosia {unknown}


   Skills:
 - Level 1.7 Dodging
 - Level 1.7 Stealth
 - Level 3.0 Spellcasting
 + Level 5.1 Conjurations


You had 6 spell levels left.
You knew the following spells:

 Your Spells              Type           Power      Damage    Failure   Level
a - Magic Dart            Conj           88%        1d7       1%          1
b - Searing Ray           Conj           44%        3d4       2%          2

Your spell library contained the following spells:

 Spells                   Type           Power      Damage    Failure   Level
 Dazzling Flash           Conj/Hex       24%        N/A       16%         3
 Inner Flame              Hex/Fire       2%         N/A       41%         3
 Fulminant Prism          Conj/Hex       6%         3d7       45%         4
 Iskenderun's Mystic Bla  Conj/Tloc      12%        2d5       45%         4
 Cause Fear               Hex            1%         N/A       83%         4
 Discord                  Hex            1%         N/A       100%        8


Dungeon Overview and Level Annotations

Branches:
Dungeon (4/15)
 Temple: D:4-7

Altars:
Fedhas
Sif Muna


Innate Abilities, Weirdness & Mutations

Your plain brown scales are hard. (AC +5)
You cannot fit into any form of body armour.
You are cold-blooded and may be slowed by cold attacks.


Message History

There is a stone staircase leading up here.
Magic restored.
A phantom comes into view.
The searing ray hits the phantom!
The phantom is moderately damaged. (Press . to maintain the ray.)
The searing ray hits the phantom.
The phantom is heavily damaged.
The searing ray hits the phantom.
The phantom is heavily damaged.
The phantom barely misses you.
The searing ray hits the phantom.
The phantom is severely damaged.
You finish channeling your searing ray.
The phantom hits you but does no damage.
The searing ray hits the phantom.
The phantom is almost destroyed. (Press . to maintain the ray.)
The phantom hits you!
The phantom blinks!
You blink.
You don't have enough magic to cast this spell.
Casting: Searing Ray (safe; 2% risk of failure)
Confirm with . or Enter, or press ? or * to list all spells.
Aiming: Magic Dart (safe; 1% risk of failure)
Press: ? - help, Shift-Dir - straight line, f/p - phantom
Aim: a phantom (almost destroyed, 100% to hit)
The magic dart hits the phantom.
The phantom is almost destroyed.
The phantom misses you. The phantom hits you.
An ogre comes into view. It is wielding a +0 giant club.
As you read the scroll of teleportation {@r4}, it crumbles to dust.
You feel strangely unstable.
The ogre shouts!
The phantom hits you but does no damage.
You barely miss the phantom.
The phantom is almost destroyed.
The phantom hits you.
The ogre hits you with a +0 giant club!!
Ouch! That really hurt!
You die...

#########.#
#..<.......
#.#.#.####.#.
#.#.#.# #.#.#.#
#.#.#.# #.#.#.#
# #.#.#.###.#
######.#.#.W@O.#
#........#######
#..............
#.......#######
#.......#
#.......#
######+#.. ...
...


You could see a phantom and an ogre.

Vanquished Creatures
  3 adders
  A worm (D:2)
  A dart slug (D:1)
  An orc (D:3)
  5 ball pythons
  3 endoplasms
  3 giant cockroaches
  3 goblins
  5 hobgoblins
  7 kobolds
  3 bats (D:1)
  A frilled lizard (D:2)
  8 rats
44 creatures vanquished.

Notes
Turn   | Place    | Note
-------+----------+-------------------------------------------
     0 | D:1      | freelancePsychic the Draconian Conjurer began the quest for
                  | the Orb.
     0 | D:1      | Reached XP level 1. HP: 14/14 MP: 3/3
   486 | D:1      | Reached XP level 2. HP: 16/20 MP: 0/5
   501 | D:1      | Learned a level 2 spell: Searing Ray
   582 | D:1      | Found a faded altar of an unknown god.
   815 | D:1      | Found a blossoming altar of Fedhas.
  1681 | D:2      | Reached XP level 3. HP: 26/26 MP: 2/7
  2704 | D:3      | Reached skill level 5 in Conjurations
  2704 | D:3      | Reached XP level 4. HP: 33/33 MP: 4/8
  2841 | D:3      | Found a shimmering blue altar of Sif Muna.
  2905 | D:4      | Noticed a phantom
  2932 | D:4      | Noticed an ogre
  2935 | D:4      | Slain by an ogre

Illustrated notes

Levels and vault maps discovered:
D:1:      dpeg_arrival_water_fire, layout_basic, basic_ecumenical_altar,
          hangedman_decor_growths, corexii_item_surrounded_by_moat,
          kennysheep_flooded_box
D:2:      layout_basic
D:3:      layout_loops_cross, mainiacjoe_overflow_brackets, marbit_many_paths,
          gammafunk_temple_overflow_pools, nicolae_ru_great_annihilating_truth,
          nicolae_overflow_hidden_temple
D:4:      layout_basic, grunt_qazlal_sundering,
          mainiacjoe_overflow_surrounded_room

Skill      XL: |  1  2  3 |
---------------+----------+-----
Spellcasting   | 3 |  3.0
Conjurations   | 5 |  5.1
Dodging        | |  1.7
Stealth        | |  1.7

Action                   |  1- 3 |  4- 6 || total
-------------------------+-------+-------++-------
Melee: Unarmed           |    20 |     1 ||    21
       Tailslap          |     1 |       ||     1
 Cast: Magic Dart        |    15 |     1 ||    16
       Searing Ray       |    29 |     4 ||    33
  Use: Scroll            |     2 |     1 ||     3
Armor: Skin              |    12 |     2 ||    14
Dodge: Dodged            |    15 |     2 ||    17
